 Dungeon Crawl Stone Soup version 0.29.0-11-gd7f09526c8 (webtiles) character file.

Game seed: 12459833209458700199

185 gelatine the Conjurer (level 5, 0/35 HPs)
             Began as a Demonspawn Conjurer on Sept 4, 2022.
             Succumbed to a water moccasin's poison
             ... on level 5 of the Dungeon.
             The game lasted 00:08:42 (2814 turns).

gelatine the Conjurer (Demonspawn Conjurer)         Turns: 2814, Time: 00:08:43

Health: 0/35       AC:  3    Str:  7    XL:     5   Next: 37%
Magic:  3/9        EV: 12    Int: 22    God:
Gold:   194        SH:  0    Dex: 11    Spells: 4/10 levels left

rFire   . . .      SeeInvis .   f - +2 short sword (drain)
rCold   . . .      Faith    .   (no shield)
rNeg    . . .      Spirit   .   a - +0 robe
rPois   .          Reflect  .   (no helmet)
rElec   .          Harm     .   (no cloak)
rCorr   .          Rampage  .   (no gloves)
Will    .....                   F - +0 pair of boots
Stlth   ++........              o - amulet of magic regeneration
HPRegen 0.11/turn               t - ring of wizardry
MPRegen 0.51/turn               B - ring of wizardry

@: lethally poisoned (0 -> -16), attractive
A: demonic touch 2
a: no special abilities


You were on level 5 of the Dungeon.
You visited 1 branch of the dungeon, and saw 5 of its levels.

You collected 194 gold pieces.

Inventory:

Hand Weapons
 c - a +0 dagger of freezing
 e - a +0 war axe
 f - a +2 short sword of draining (weapon)
 p - a +2 mace of protection
 s - a +2 dagger of draining
 u - a +0 sling of flaming
Armour
 a - a +0 robe (worn)
 m - a +0 pair of gloves
 F - a +0 pair of boots (worn)
Jewellery
 o - an amulet of magic regeneration (around neck)
 t - a ring of wizardry (left hand)
 B - a ring of wizardry (right hand)
Wands
 G - a wand of flame (26)
Scrolls
 d - 2 scrolls of vulnerability {unknown}
 g - a scroll of butterflies {unknown}
 k - 5 scrolls of teleportation {unknown}
 n - a scroll of amnesia {unknown}
 q - 2 scrolls of immolation {unknown}
 v - a scroll of fear {unknown}
 w - 2 scrolls of identify {unknown}
 x - a scroll of blinking {unknown}
 y - a scroll of poison {unknown}
 A - 3 scrolls of noise {unknown}
Potions
 b - a potion of magic
 h - 2 potions of attraction
 i - a potion of flight {unknown}
 j - 2 potions of might {unknown}
 l - a potion of degeneration {unknown}
 r - a potion of haste {unknown}
 z - 3 potions of mutation {unknown}
 C - 2 potions of brilliance {unknown}
 D - a potion of cancellation {unknown}
 E - 2 potions of heal wounds {unknown}


   Skills:
 + Level 0.1 Fighting
 + Level 1.0 Short Blades
 + Level 2.2 Dodging
 + Level 1.9 Stealth
 + Level 3.2 Spellcasting
 + Level 5.5 Conjurations


You had 4 spell levels left.
You knew the following spells:

 Your Spells              Type           Power      Damage    Failure   Level
a - Magic Dart            Conj           100%       1d8       1%          1
b - Searing Ray           Conj           54%        2d6       1%          2
c - Dazzling Flash        Conj/Hex       30%        N/A       3%          3

Your spell library contained the following spells:

 Spells                   Type           Power      Damage    Failure   Level
 Sublimation of Blood     Necr           3%         N/A       5%          2
 Wereblood                Tmut           3%         N/A       5%          2
 Fulminant Prism          Conj/Hex       7%         3d7       11%         4
 Iskenderun's Mystic Bla  Conj/Tloc      15%        2d5       11%         4
 Animate Dead             Necr           3%         N/A       30%         4
 Borgnjor's Vile Clutch   Necr/Erth      1%         N/A       61%         5
 Death Channel            Necr           1%         N/A       98%         6
 Summon Hydra             Summ           1%         N/A       100%        7


Dungeon Overview and Level Annotations

Branches:
Dungeon (5/15)
 Temple: D:4-7

Altars:
Ashenzari
Trog

Shops:
D:4 (:


Innate Abilities, Weirdness & Mutations

Your touch may inflict irresistible damage on your foes.


Message History

Confirm with . or Enter, or press ? or * to list all spells.
Aiming: Searing Ray (safe; 1% risk of failure)
Press: ? - help, Shift-Dir - straight line, f/p - hound
Aim: a hound (heavily wounded, 71% to hit)
The searing ray hits the hound.
The hound is heavily wounded.
The searing ray hits the water moccasin.
The water moccasin is lightly wounded. (Press . to maintain the ray.)
The hound bites you.
The searing ray hits the hound!
You kill the hound!
The searing ray hits the water moccasin.
The water moccasin is moderately wounded.
An iguana comes into view.
The searing ray hits the water moccasin!
The water moccasin is heavily wounded.
The water moccasin closely misses you. The water moccasin bites you.
You are poisoned.
The water moccasin poisons you!
The searing ray hits the water moccasin but does no damage.
The water moccasin is heavily wounded.
You finish channelling your searing ray.
You feel very sick. The water moccasin barely misses you.
You hit the water moccasin.
The water moccasin is heavily wounded.
You feel sick. The water moccasin bites you.
Casting: Searing Ray (safe; 1% risk of failure)
Confirm with . or Enter, or press ? or * to list all spells.
Casting: Dazzling Flash (dangerous; 3% risk of failure)
Press: ? - help, Dir - look around, f - activate The water moccasin is dazzled.
You feel sick. The water moccasin bites you. The water moccasin bites you!
* * * LOW HITPOINT WARNING * * *
You are more poisoned.
The water moccasin poisons you!
It was a potion of attraction.
You feel attractive to monsters.
You die...

#.# .... #.###..
#.#.... ### #.#.#.#
...# #...#.#.....
#...#.#...
#.......####
#######..##S#.....
#.......(.@.=.....
#.###............# #
#............. #.
#..######.####
#..##..######.#
#...........#######
#..##..########.....#
#..##..########.....#
#...................#


You could see a water moccasin (blind).

Vanquished Creatures
  A hound (D:5)
  An iguana (D:4)
  3 adders
  3 worms
  4 dart slugs
  3 orcs (D:5)
  2 endoplasms
  2 giant cockroaches
  12 goblins
  10 hobgoblins
  2 jackals (D:1)
  6 quokkas
  8 ball pythons
  5 bats
  3 frilled lizards
  9 kobolds
  5 rats
79 creatures vanquished.

Notes
Turn   | Place    | Note
-------+----------+-------------------------------------------
     0 | D:1      | gelatine the Demonspawn Conjurer began the quest for the
                  | Orb.
     0 | D:1      | Reached XP level 1. HP: 13/13 MP: 3/3
   205 | D:1      | Discovered your monstrous ancestry.
   205 | D:1      | Gained mutation: Your touch may inflict minor irresistible
                  | damage on your foes. [demonic ancestry]
   205 | D:1      | Reached XP level 2. HP: 17/19 MP: 0/5
   537 | D:1      | Reached XP level 3. HP: 24/24 MP: 4/6
  1373 | D:2      | Reached skill level 5 in Conjurations
  1441 | D:2      | Found a bloodstained altar of Trog.
  1516 | D:2      | Reached XP level 4. HP: 30/30 MP: 5/7
  1893 | D:3      | Learned a level 2 spell: Searing Ray
  1897 | D:3      | Learned a level 3 spell: Dazzling Flash
  2327 | D:4      | Found a broken altar of Ashenzari.
  2353 | D:4      | Reached skill level 1 in Short Blades
  2401 | D:4      | Found Hyicri's Weapon Shop.
  2402 | D:4      | Found Jatwuafrao's Book Shoppe.
  2512 | D:4      | Gained mutation: Your touch may inflict irresistible damage
                  | on your foes. [demonic ancestry]
  2512 | D:4      | Reached XP level 5. HP: 35/35 MP: 4/9
  2747 | D:5      | Entered Level 5 of the Dungeon
  2805 | D:5      | Noticed a water moccasin
  2814 | D:5      | Succumbed to a water moccasin's poison

Illustrated notes

Levels and vault maps discovered:
D:1:      lightli_arrival_isolated_outpost, layout_basic
D:2:      layout_basic, basic_altar, minmay_split_cup_small
D:3:      layout_basic
D:4:      layout_rooms, ashenzari_altar_1, serial_shops, shop, shop
D:5:      layout_loops_ring, grunt_temple_overflow_open

Skill      XL: |  1  2  3  4 |
---------------+-------------+-----
Dodging        | 2 |  2.2
Conjurations   | 5 |  5.5
Short Blades   | 1 |  1.0
Spellcasting   | 3 |  3.2
Fighting       | |  0.1
Stealth        | |  1.9

Action                   |  1- 3 |  4- 6 || total
-------------------------+-------+-------++-------
Melee: Dagger            |    17 |       ||    17
       Short sword       |    10 |     1 ||    11
       Touch             |     3 |       ||     3
 Cast: Magic Dart        |    97 |    72 ||   169
       Dazzling Flash    |       |     1 ||     1
       Searing Ray       |       |     1 ||     1
  Use: Potion            |       |     1 ||     1
Armor: Robe              |     5 |       ||     5
Dodge: Dodged            |    25 |    11 ||    36
